 Dungeon Crawl Stone Soup version 0.17-a0-1636-g3119f2b (webtiles) character file.

4536 Jb9000 the Shield-Bearer (level 10, -1/83 HPs)
             Began as a Yellow Draconian Fighter on Aug 6, 2015.
             Was a High Priest of Okawaru.
             Killed from afar by a starcursed mass (11 damage)
             ... with an accursed screaming
             ... on level 1 of the Abyss.
             The game lasted 00:40:30 (10013 turns).

Jb9000 the Shield-Bearer (DrFi)                    Turns: 10013, Time: 00:40:30

Health: -1/83      AC: 10    Str: 23    XL:     10   Next: 17%
Magic:  15/15      EV: 12    Int: 11    God:    Okawaru [*****.]
Gold:   547        SH: 14    Dex: 12    Spells: 1 memorised, 15 levels left

rFire  + . .     SeeInvis .     o - +1 spear (chaos)
rCold  x . .     Clarity  +     (armour unavailable)
rNeg   . . .     SustAt   .     b - +3 shield
rPois  +         Gourm    .     (helmet restricted)
rElec  .         Spirit   .     G - +2 cloak {rPois}
rCorr  +         Warding  .     (no gloves)
rMut   .         Stasis   .     (no boots)
MR     .....                    v - amulet of clarity
Stlth  +++.......               (no ring)
                                j - ring of fire

@: mighty, non-regenerating, badly diseased, not resistant to hostile
enchantments, fairly stealthy
A: spit acid, acid resistance, unfitting armour, cold-blooded, AC +7
a: Spit Acid, Heroism, Finesse, Renounce Religion


You were on level 1 of the Abyss.
You worshipped Okawaru.
Okawaru was extremely pleased with you.
You were not hungry.

You visited 1 branch of the dungeon, and saw 8 of its levels.
You visited the Abyss 1 time.

You collected 547 gold pieces.

Inventory:

Hand weapons
 a - a +0 war axe
 k - a +1 whip of distortion
 o - a +1 spear of chaos (weapon)
 t - a +0 shortbow
 u - a +2 dagger of holy wrath
 D - a +0 scythe of flaming
 E - a +2 mace of draining
 K - a +3 falchion
 M - a +2 hand axe
 P - a cursed +2 hand axe
 Q - a +3 battleaxe
Missiles
 f - 47 bolts
 h - 186 arrows
 l - 40 poisoned needles
 p - 5 bolts of penetration
 B - 16 arrows of flame
 L - 8 tomahawks (quivered)
Armour
 b - a +3 shield (worn)
 G - a +2 cloak of poison resistance (worn)
Jewellery
 j - a ring of fire (left hand)
 v - an amulet of clarity (around neck)
 H - an uncursed amulet of the gourmand
Magical devices
 i - a wand of confusion (21)
 q - a wand of frost (29)
 x - a wand of disintegration (17)
 y - a wand of cold (2)
 F - a wand of disintegration (0)
Scrolls
 s - a scroll of amnesia
 z - a scroll of identify
 J - a scroll of fear
 N - a scroll of fog
 O - 2 scrolls of teleportation
 R - a scroll of immolation {unknown}
Potions
 c - 2 potions of might
 e - 3 potions of curing
 g - a potion of invisibility {unknown}
 n - a potion of beneficial mutation {unknown}
 r - a potion of magic {unknown}
 w - 2 potions of cancellation {unknown}
 C - a potion of brilliance {unknown}
Books
 A - a book of the Dragon

   Spells                             Type                      Level
   a - Flame Tongue                   Conjuration/Fire             1
   b - Cause Fear                     Hexes                        4
   c - Bolt of Fire                   Conjuration/Fire             6
   d - Dragon Form                    Transmutation                7
   e - Dragon's Call                  Summoning                    9
Comestibles
 d - 4 bread rations
 m - 6 meat rations
 I - a beef jerky


   Skills:
 + Level 5.9 Fighting
 - Level 3.3(4.7) Axes
 - Level 3.2(3.9) Maces & Flails
 + Level 3.9(4.5) Polearms
 + Level 5.1 Dodging
 * Level 6.4 Stealth
 * Level 7.2 Shields
 + Level 3.8 Spellcasting
 + Level 4.1 Invocations
 + Level 4.1 Evocations


You had 15 spell levels left.
You knew the following spells:

 Your Spells              Type           Power        Failure   Level  Hunger
a - Flame Tongue          Conj/Fire      #....        78%         1    #......


Dungeon Overview and Level Annotations

Branches:
Dungeon (8/15)             Temple (0/1) D:6
   Lair: D:8-11

Altars:
Ashenzari
Dithmenos
Okawaru
Qazlal
Trog
Xom
Yredelemnul
The Shining One

Annotations:
D:8 Erolcha


Innate Abilities, Weirdness & Mutations

You can spit globs of acid.
You are resistant to acid.
Your golden yellow scales are hard (AC +7).
Your body does not fit into most forms of armour.
You are cold-blooded and may be slowed by cold attacks.


Message History

Press: ? - help, Shift-Dir - straight line, f - ancient zyme
Aim: an ancient zyme (moderately damaged)
The bolt of cold hits the ancient zyme.
The ancient zyme is severely damaged.
This wand has 2 charges left.
The ancient zyme hits you but does no damage.
You block the ancient zyme's attack.
A starcursed mass splits.
A starcursed mass splits.
You block the ancient zyme's attack. The ancient zyme barely misses you.
A starcursed mass splits.
A chorus of shrieks assaults your mind.
A starcursed mass splits.
You feel ill.
A starcursed mass splits. x2
The ancient zyme hits you!
* * * LOW HITPOINT WARNING * * *
The ancient zyme hits you!
* * * LOW HITPOINT WARNING * * *
A starcursed mass splits.
There is an open door, spattered with blood here.
A deafening chorus of shrieks assaults your mind!
You die...

.#.. #..#.....#....
.. '.. #..#..... ..
. ... #.# ##..#....
#..##
..##.####..#.#..## .
# . .'......X.'.
..X..... ...
#....XX.X# ... .. .
....##'##.X..#....#
# # ........#.#..##.
....
.......@x.XXX.#.. ..
.
........#.....'.....
.#
........#.....#...
...#
........#'##..#....
..# .####'#.... +##
... ..+.... ..
...#....' ....#....#


You could see 5 starcursed masses and an ancient zyme.

Vanquished Creatures
  Pikel (D:5)
  A large abomination (Abyss:1)
  The ghost of urechis the Cutter, an experienced VSNe (D:6)
  Sigmund (D:6)
  A water moccasin (D:7)
  Duvessa (D:5)
  A sky beast (D:7)
  An ice beast (D:8)
  A phantom (D:6)
  2 ogres (D:4)
  6 centaurs
  Blork the orc (D:6)
  2 giant frogs
  Dowan (D:5)
  A scorpion (D:7)
  A water moccasin skeleton (D:7)
  9 wights (D:7)
  4 killer bees
  5 crimson imps
  A centaur zombie (D:5)
  5 hounds
  Crazy Yiuf (D:5)
  2 giant frog skeletons
  An orc priest (D:7)
  An iguana (D:5)
  4 orc wizards
  6 worker ants
  A worker ant zombie (D:5)
  2 hound skeletons
  14 adders
  A gnoll (D:4)
  2 worms
  3 adder skeletons
  6 giant geckos
  17 orcs
  8 goblins
  3 hobgoblins
  10 jackals
  7 quokkas
  6 ball pythons
  6 bats
  7 giant cockroaches
  A giant cockroach zombie (D:6)
  5 giant newts
  A jackal skeleton (D:6)
  3 kobolds
  6 rats
171 creatures vanquished.

Vanquished Creatures (collateral kills)
  A worker ant (D:8)
1 creature vanquished.

Vanquished Creatures (others)
  A slave (D:5)
  A centaur (D:5)
  An iguana (D:5)
  2 worker ants
  A worm (D:2)
  3 orcs
9 creatures vanquished.

Grand Total: 181 creatures vanquished

Notes
Turn   | Place    | Note
--------------------------------------------------------------
     0 | D:1      | Jb9000 the Draconian Fighter began the quest for the Orb.
     0 | D:1      | Reached XP level 1. HP: 19/19 MP: 1/1
   205 | D:1      | Reached XP level 2. HP: 26/26 MP: 2/2
   234 | D:1      | Reached skill level 1 in Stealth
  1079 | D:2      | Found an iron altar of Okawaru.
  1079 | D:2      | Found a basalt altar of Yredelemnul.
  1080 | D:2      | Found a bloodstained altar of Trog.
  1085 | D:2      | Became a worshipper of Warmaster Okawaru
  1183 | D:2      | Reached XP level 3. HP: 31/31 MP: 3/3
  1296 | D:2      | Reached skill level 1 in Maces & Flails
  1574 | D:2      | Reached XP level 4. HP: 36/38 MP: 4/4
  2157 | D:3      | Found a shadowy altar of Dithmenos.
  2357 | D:3      | Reached skill level 1 in Spellcasting
  2357 | D:3      | Reached XP level 5. HP: 45/45 MP: 6/6
  2808 | D:4      | Reached skill level 4 in Shields
  2935 | D:4      | Reached XP level 6. HP: 35/51 MP: 8/8
  3196 | D:4      | Noticed an ogre
  3206 | D:4      | Killed an ogre
  3207 | D:4      | Acquired Okawaru's first power
  3552 | D:4      | Noticed an ogre
  3564 | D:4      | Killed an ogre
  3798 | D:4      | Your scales start taking on a golden yellow colour.
  3798 | D:4      | Reached XP level 7. HP: 58/58 MP: 9/9
  3909 | D:4      | Found a glowing golden altar of the Shining One.
  4280 | D:4      | Found a shimmering altar of Xom.
  4347 | D:5      | Entered Level 5 of the Dungeon
  4361 | D:5      | Noticed Duvessa
  4398 | D:5      | Killed Duvessa
  4398 | D:5      | Reached skill level 1 in Invocations
  4398 | D:5      | Reached skill level 1 in Evocations
  4625 | D:5      | Noticed Dowan
  4683 | D:5      | Killed Dowan
  4907 | D:5      | Reached skill level 1 in Polearms
  5401 | D:5      | Noticed Pikel
  5437 | D:5      | Killed Pikel
  5437 | D:5      | Reached skill level 5 in Shields
  5437 | D:5      | Reached XP level 8. HP: 49/67 MP: 11/11
  6244 | D:5      | Noticed Crazy Yiuf
  6249 | D:5      | Killed Crazy Yiuf
  6516 | D:6      | Reached skill level 5 in Stealth
  6527 | D:6      | Noticed urechis's ghost (experienced VSNe)
  6535 | D:6      | Found a stormy altar of Qazlal.
  6562 | D:6      | Noticed Blork the orc
  6585 | D:6      | Killed Blork the orc
  6585 | D:6      | Reached XP level 9. HP: 31/72 MP: 13/13
  6705 | D:6      | Noticed Sigmund
  6717 | D:6      | Killed Sigmund
  6895 | D:6      | Killed urechis's ghost
  6895 | D:6      | Reached skill level 5 in Fighting
  6895 | D:6      | Reached skill level 6 in Shields
  6983 | D:6      | Found a staircase to the Ecumenical Temple.
  8280 | D:7      | Reached skill level 5 in Dodging
  8615 | D:7      | Found a shattered altar of Ashenzari.
  9434 | D:8      | Learned a level 1 spell: Flame Tongue
  9459 | D:8      | Reached skill level 7 in Shields
  9459 | D:8      | Reached XP level 10. HP: 37/83 MP: 15/15
  9824 | D:8      | Noticed Erolcha
  9842 | D:8      | Cast into the Abyss (Erolcha)
  9924 | Abyss:1  | Noticed a large abomination
  9973 | Abyss:1  | Noticed a tentacled starspawn
  9991 | Abyss:1  | Killed a large abomination
  9991 | Abyss:1  | Acquired Okawaru's second power
  9994 | Abyss:1  | Noticed a starcursed mass
 10013 | Abyss:1  | Killed from afar by a starcursed mass

Vault maps used:
D:1:      tarquinn_simple_flora_water_f
D:2:      gammafunk_temple_overflow_forgotten, eino_curves_03
D:3:      nicolae_dithmenos_shadow_blocks
D:4:      lemuel_round_altar, tgw_xom, first_bread
D:5:      uniq_duvessa, uniq_crazy_yiuf_cottage, uniq_pikel
D:6:      lemuel_doored_altar, temple_pool_b, uniq_sigmund, uniq_blork_the_orc
D:7:      old_standard_altar, nicolae_wand_duel
D:8:      grunt_ogre_cave, uniq_erolcha

Action                   |  1- 3 |  4- 6 |  7- 9 | 10-12 || total
-------------------------+-------+-------+-------+-------++-------
Melee: War axe           |    25 |       |       |       ||    25
       Whip              |    92 |   143 |    33 |       ||   268
       Spear             |       |       |   701 |    35 ||   736
Throw: Tomahawk          |       |       |     3 |       ||     3
 Abil: Spit Acid         |       |       |     4 |       ||     4
Evoke: Wand              |       |       |     5 |    13 ||    18
  Use: Scroll            |     1 |     8 |    15 |       ||    24
       Potion            |       |       |     2 |     1 ||     3
 Stab: Sleeping          |     2 |     4 |     2 |       ||     8
       Paralysed         |       |       |    16 |       ||    16
       Petrified         |       |       |     2 |       ||     2
       Confused          |       |       |     2 |       ||     2
       Distracted        |       |       |     1 |       ||     1
  Eat: Chunk             |     2 |     3 |    12 |       ||    17
       Pizza             |       |     3 |       |       ||     3
       Beef jerky        |       |     1 |     2 |       ||     3
       Bread ration      |       |       |     1 |       ||     1
       Royal jelly       |       |       |     1 |       ||     1
